 Dungeon Crawl Stone Soup version 0.25.1-2-g60ff931df9 (webtiles) character file.

Game seed: 13754031924552744566

2403 MisterFreud the Nimble (level 9, -2/43 HPs)
             Began as a Felid Berserker on Nov 8, 2020.
             Was a High Priest of Trog.
             Killed from afar by a manticore (22 damage)
             ... with a volley of spikes
             ... on level 9 of the Dungeon on Nov 26, 2020.
             The game lasted 00:12:42 (9767 turns).

MisterFreud the Nimble (Felid Berserker)            Turns: 9767, Time: 00:12:44

Health: -2/43      AC:  2    Str: 13    XL:     9   Next: 23%
Magic:  14/14      EV: 28    Int:  8    God:    Trog [*****.]
Gold:   191        SH:  5    Dex: 19    Spells: 8/8 levels left
                                        Lives:  0   Deaths: 2

rFire    . . .     SeeInvis +     - Unarmed
rCold    . . .     Gourm    .   (shield unavailable)
rNeg     . . .     Faith    .   (armour unavailable)
rPois    .         Spirit   .   (helmet unavailable)
rElec    .         Reflect  +   (cloak unavailable)
rCorr    +         Harm     .   (gloves unavailable)
MR       +++..                  (boots unavailable)
Stlth    +++++.....             x - amulet of reflection
HPRegen  1.14/turn              e - ring of resist corrosion
MPRegen  0.14/turn              (no ring)

@: barbed spikes, regenerating, quick
A: very small, no armour, no weapons or thrown items, stealth, claws 1, fangs 3,
see invisible, carnivore, speed 1, shaggy fur 2, slow metabolism 1, sharp paws
a: Berserk, Trog's Hand, Brothers in Arms, Renounce Religion


You were on level 9 of the Dungeon.
You worshipped Trog.
Trog was extremely pleased with you.
You were very full.

You visited 1 branch of the dungeon, and saw 9 of its levels.

You collected 536 gold pieces.
You spent 345 gold pieces at shops.

Inventory:

Jewellery
 e - a ring of resist corrosion (left paw)
 m - an uncursed ring of protection from fire
 p - a cursed amulet of inaccuracy {unknown}
 x - an amulet of reflection (around neck)
Wands
 d - a wand of acid (11)
 y - a wand of iceblast (18)
Scrolls
 f - 5 scrolls of teleportation
 g - a scroll of enchant weapon {unknown}
 i - 6 scrolls of remove curse
 l - a scroll of fear
 r - 3 scrolls of identify
 w - 2 scrolls of magic mapping
Potions
 c - a potion of resistance {unknown}
 h - 2 potions of lignification
 j - 2 potions of stabbing
 k - 2 potions of might
 n - 3 potions of curing
 o - a potion of heal wounds
 q - a potion of mutation
 v - a potion of haste
Comestibles
 a - 20 rations
 b - 3 chunks of flesh


   Skills:
 + Level 7.2 Fighting
 + Level 11.1 Dodging
 + Level 8.3 Stealth
 + Level 7.2 Unarmed Combat
 - Level 6.0 Evocations


You had 8 spell levels left.
You didn't know any spells.
Your spell library was empty.

Dungeon Overview and Level Annotations

Branches:
Dungeon (9/15)             Temple (0/1) D:6
   Lair: D:8-11         Orc: D:9-12

Altars:
Ashenzari
Cheibriados
Dithmenos
Elyvilon
Fedhas
Kikubaaqudgha
Makhleb
Qazlal
Sif Muna
Trog
Wu Jian
Zin

Shops:
D:4 (   D:7 [%**(

Annotations:
D:5 2 transporters


Innate Abilities, Weirdness & Mutations

You cannot wear armour.
You are incapable of wielding weapons or throwing items.
Your paws allow you to move quietly. (Stealth)
You have sharp claws.
You have razor-sharp teeth.
You have supernaturally acute eyesight. (SInv)
You are carnivorous and can eat meat at any time.
You cover ground quickly.
You are covered in thick fur. (AC +2)
You have a slow metabolism.
Your sharp claws are effective at attacking unaware monsters.


Message History

The manticore flicks its tail.
The volley of spikes hits you!
The barbed spikes become lodged in your body.
* * * LOW HITPOINT WARNING * * *
The barbs in your skin will harm you if you move.
Continue?
Okay, then.
Unknown command.
Unknown command.
You feel much better.
The manticore flicks its tail.
The volley of spikes misses you.
You hear a shout!
Your skin crawls.
You feel resistant to hostile enchantments.
You hear a shout!
The manticore flicks its tail.
The volley of spikes hits you!!
The barbed spikes become lodged in your body.
Ouch! That really hurt!
You die...

#.##.# #.##.# #.##.#
#.##.## #.##..#
##.##..##.########
##.#.#..##......?.
..###............#
##.#..#.###### #@# #
#.#.#......# #.# #
#....#####.# #.# # #
#..#.......# #.#.# #
##...####..###...#.#
##.## #..H.H.....#
#.# #.####..#### #.#
#.# #..#
#.#####.####..#


You could see a manticore.

Vanquished Creatures
  A cyclops (D:9)
  Prince Ribbit (D:5)
  A hornet (D:8)
  A hippogriff (D:9)
  Menkaure (D:5)
  A soldier ant (D:8)
  Edmund (D:6)
  2 water moccasins
  2 ice beasts
  A sky beast (D:8)
  3 orc warriors
  2 necrophages (D:7)
  An ogre (D:7)
  7 centaurs
  2 bullfrogs (D:6)
  A wyvern skeleton (D:6)
  A scorpion (D:5)
  3 howler monkeys (D:9)
  3 crimson imps
  A bullfrog zombie (D:9)
  3 jellies
  3 orc priests
  10 orc wizards
  A centaur skeleton (D:7)
  A gnoll shaman (D:9)
  Ijyb (D:5)
  6 worker ants
  7 gnolls
  10 adders
  A shadow imp (D:7)
  An ooze (D:2)
  4 worms
  A dart slug (D:3)
  5 leopard geckos
  31 orcs
  2 ball pythons
  5 giant cockroaches
  17 hobgoblins
  10 jackals
  12 kobolds
  9 quokkas
  8 bats
  2 frilled lizards
  9 goblins
  A leopard gecko skeleton (D:5)
  A leopard gecko zombie (D:5)
  10 rats
207 creatures vanquished.

Notes
Turn   | Place    | Note
-------+----------+-------------------------------------------
     0 | D:1      | MisterFreud the Felid Berserker began the quest for the
                  | Orb.
     0 | D:1      | Reached XP level 1. HP: 10/10 MP: 2/2
   565 | D:2      | Reached XP level 2. HP: 12/14 MP: 3/3
   731 | D:2      | Reached XP level 3. HP: 18/18 MP: 4/4
  1441 | D:1      | Reached ** piety under Trog
  1688 | D:1      | Found a shattered altar of Ashenzari.
  2019 | D:2      | Reached skill level 5 in Fighting
  2019 | D:2      | Reached XP level 4. HP: 23/23 MP: 5/5
  2336 | D:2      | Reached skill level 1 in Stealth
  2549 | D:3      | Found an ancient bone altar of Kikubaaqudgha.
  2900 | D:3      | Reached XP level 5. HP: 26/26 MP: 6/6
  3230 | D:3      | Reached *** piety under Trog
  3403 | D:3      | Killed from afar by an orc wizard
  3404 | D:3      | Reached XP level 4. HP: -3/34 MP: 5/5
  3560 | D:3      | Found a bloodstained altar of Trog.
  3706 | D:3      | Reached XP level 5. HP: 26/26 MP: 6/6
  3890 | D:4      | Reached skill level 5 in Dodging
  4180 | D:4      | Found Gugalena's Antique Weapon Emporium.
  4219 | D:4      | Gained mutation: You are covered in thick fur. (AC +2)
                  | [Felid growth]
  4219 | D:4      | Reached XP level 6. HP: 21/30 MP: 7/7
  4856 | D:5      | Entered Level 5 of the Dungeon
  4872 | D:5      | Reached skill level 5 in Stealth
  4986 | D:5      | Noticed Prince Ribbit
  5004 | D:5      | HP: 1/45 [Prince Ribbit (16)]
  5008 | D:5      | Killed Prince Ribbit
  5008 | D:5      | Reached XP level 7. HP: 1/34 MP: 8/8
  5299 | D:5      | Found a transporter.
  5459 | D:5      | Reached skill level 6 in Dodging
  5694 | D:5      | Reached skill level 5 in Unarmed Combat
  5838 | D:5      | Found a white marble altar of Elyvilon.
  5899 | D:5      | Noticed Ijyb
  5912 | D:5      | Killed Ijyb
  6016 | D:5      | Found a transporter.
  6220 | D:5      | Noticed Menkaure
  6436 | D:5      | Killed Menkaure
  6436 | D:5      | Reached skill level 7 in Dodging
  6637 | D:6      | Reached XP level 8. HP: 38/38 MP: 9/9
  6647 | D:6      | Found a staircase to the Ecumenical Temple.
  6731 | D:6      | Reached skill level 8 in Dodging
  6739 | D:6      | Reached **** piety under Trog
  6771 | D:6      | Noticed Edmund
  6787 | D:6      | Killed Edmund
  6793 | D:6      | Reached skill level 9 in Dodging
  7329 | D:6      | Reached skill level 10 in Dodging
  7334 | D:6      | Found a snail-covered altar of Cheibriados.
  7366 | D:6      | Reached skill level 1 in Evocations
  7681 | D:7      | Found Ciuh's General Store.
  7688 | D:7      | Found an ornate altar of the Wu Jian Council.
  7696 | D:7      | Bought a potion of heal wounds for 75 gold pieces
  7701 | D:7      | Found a burning altar of Makhleb.
  7736 | D:7      | Found a glowing silver altar of Zin.
  7736 | D:7      | Noticed a cacodemon
  7736 | D:7      | Noticed an angel
  7815 | D:7      | Found Vudwuehacre's Armour Boutique.
  7837 | D:7      | Found Wuuplilacs's Food Boutique.
  7848 | D:7      | Found Vuerir's Assorted Antiques.
  7850 | D:7      | Found Puibu's Antique Weapon Shoppe.
  7890 | D:7      | Reached XP level 9. HP: 40/40 MP: 11/11
  7938 | D:7      | Bought a scroll of teleportation for 81 gold pieces
  7938 | D:7      | Bought a scroll of teleportation for 81 gold pieces
  7938 | D:7      | Bought a wand of iceblast (11) for 108 gold pieces
  8159 | D:7      | Found a blossoming altar of Fedhas.
  8916 | D:8      | Reached skill level 5 in Evocations
  9194 | D:8      | Found a shadowy altar of Dithmenos.
  9296 | D:8      | Found a shimmering blue altar of Sif Muna.
  9436 | D:9      | Noticed a cyclops
  9442 | D:9      | Killed a cyclops
  9442 | D:9      | Reached ***** piety under Trog
  9442 | D:9      | Reached skill level 11 in Dodging
  9448 | D:9      | Slain by an orc warrior
  9449 | D:9      | Reached XP level 8. HP: -1/39 MP: 13/13
  9451 | D:9      | Found a stormy altar of Qazlal.
  9509 | D:9      | Noticed a hippogriff
  9514 | D:9      | Killed a hippogriff
  9514 | D:9      | Reached XP level 9. HP: 43/43 MP: 14/14
  9718 | D:9      | Identified the cursed ring "Hero's Friend" {rF+ rN+ Str-4
                  | Dex+3}
  9726 | D:9      | Noticed a manticore
  9767 | D:9      | Killed from afar by a manticore

Illustrated notes

Levels and vault maps discovered:
D:1:      roderic_dead_forest, layout_loops_ring, ashenzari_altar_1
D:2:      layout_rooms
D:3:      cheibrodos_greedy_goblins, layout_basic,
          nicolae_overflow_crystal_walls, first_ration, trog_hazing_becter
D:4:      layout_loops_ring, serial_shops, shop_statue
D:5:      gammafunk_wand_slinger, layout_basic, elyvilon_altar_5, uniq_ijyb,
          uniq_prince_ribbit1, uniq_menkaure
D:6:      layout_gridville, cheibriados_altar_1, temple_green, uniq_edmund
D:7:      layout_rooms, grunt_temple_overflow_order_and_chaos_2,
          lemuel_round_altar, overflow_temple_1_default,
          nicolae_overflow_hidden_temple, serial_shops, shop,
          nicolae_shop_trees, nicolae_shop_stone, nicolae_shop_statue_plus, shop
D:8:      layout_loops_ring, lemuel_coloured_pillars_altar,
          chequers_decorated_corner, hangedman_pestilent_swarm,
          minmay_misc_feat_encased, lemuel_blue_sif_altar
D:9:      minmay_the_grid_triangle_9x9_rhombus_thin
          [minmay_the_grid_triangle_9x9_impossible_snake,
          minmay_the_grid_triangle_9x9_prize_special,
          minmay_the_grid_triangle_9x9_minimal,
          minmay_the_grid_triangle_9x9_zippers_horizontal], layout_loops_ring,
          basic_altar, kennysheep_generic_room_15

Skill      XL: |  1  2  3  4  5  6  7  8  9 |
---------------+----------------------------+-----
Fighting       | 4 5 6 7 |  7.2
Stealth        | 2 4 6 8 |  8.3
Dodging        | 5 7 10 11 | 11.1
Unarmed Combat | 4 5 6 7 |  7.2
Evocations     | 2 6 |  6.0

Action                   |  1- 3 |  4- 6 |  7- 9 || total
-------------------------+-------+-------+-------++-------
Melee: Unarmed           |   108 |   208 |   354 ||   670
       Bite              |     8 |    14 |    43 ||    65
       Punch             |       |     3 |    12 ||    15
Invok: Berserk           |     4 |    11 |     8 ||    23
       Trog's Hand       |       |     2 |     3 ||     5
  Use: Scroll            |       |     6 |    14 ||    20
       Potion            |       |       |     1 ||     1
 Stab: Sleeping          |     2 |     5 |    19 ||    26
       Distracted        |       |       |     1 ||     1
  Eat: Chunk             |    12 |    20 |    24 ||    56
Armor: Skin              |     6 |    11 |     7 ||    24
Dodge: Dodged            |    94 |   176 |   231 ||   501
Block: Other             |       |       |    49 ||    49
       Reflection        |       |       |     1 ||     1
